 Dungeon Crawl Stone Soup version 0.19.3-1-g3169bf9 (webtiles) character file.

18964 Alarkh the Cleaver (level 12, -1/91 HPs)
             Began as a Demonspawn Monk on Jan 25, 2017.
             Was a High Priest of Okawaru.
             Slain by a black mamba (7 damage)
             ... on level 6 of the Lair of Beasts.
             The game lasted 00:32:05 (15570 turns).

Alarkh the Cleaver (Demonspawn Monk)               Turns: 15570, Time: 00:32:05

Health: -1/91      AC:  0    Str: 12    XL:     12   Next: 32%
Magic:  0/18       EV: 19    Int: 17    God:    Okawaru [*****.]
Gold:   973        SH:  0    Dex: 15    Spells: 0 memorised, 11 levels left

rFire  . . .     SeeInvis .     (weapon currently unavailable)
rCold  . . .     Gourm    .     (armour currently unavailable)
rNeg   . . .     Faith    .     (shield currently unavailable)
rPois  .         Spirit   +     (helmet currently unavailable)
rElec  .         Reflect  .     (cloak currently unavailable)
rCorr  .         Harm     .     (gloves currently unavailable)
MR     .....                    (boots currently unavailable)
Stlth  +++.......               w - amulet of guardian spirit
                                (ring currently unavailable)
                                (ring currently unavailable)

@: lethally poisoned (-1 -> -23), pig-form, hasted and slowed, very quick
A: (claws 0), (slimy green scales 0), (fire resistance 0), mutation resistance
1, nightstalker 1
a: Heroism, Finesse, Renounce Religion


You were on level 6 of the Lair of Beasts.
You worshipped Okawaru.
Okawaru was extremely pleased with you.
You were not hungry.
You were a filthy swine.
You visited 3 branches of the dungeon, and saw 16 of its levels.
You also visited: Sewer and Volcano.

You collected 973 gold pieces.

Inventory:

Hand Weapons
 a - a +0 broad axe (melded)
Armour
 b - a +0 cloak of fire resistance (melded)
 g - a +0 pair of boots (melded)
 l - a +2 pair of gloves (melded)
 L - a +1 robe of cold resistance (melded)
 R - a +1 buckler of poison resistance (melded)
 W - a +1 hat (melded)
Magical Staves
 A - an uncursed staff of power
Jewellery
 m - a +2 ring of evasion (melded)
 t - an uncursed ring of teleportation
 w - an amulet of guardian spirit (around neck)
 y - a ring of stealth (melded)
Wands
 h - a wand of flame (18/48)
 k - a wand of random effects (28/48)
 p - a wand of confusion (28/48)
 v - a wand of digging (12/24)
 Q - a wand of acid (2/15)
Scrolls
 d - a scroll of vulnerability
 e - a scroll of identify
 i - a scroll of torment
 s - a scroll of silence {unknown}
 u - 2 scrolls of blinking
 C - a scroll of recharging {unknown}
 D - a scroll of fear
 F - a scroll of teleportation
 I - 3 scrolls of magic mapping
 J - 2 scrolls of enchant weapon {unknown}
 K - 9 scrolls of remove curse
 M - 2 scrolls of enchant armour {unknown}
 O - a scroll of amnesia {unknown}
 Y - 2 scrolls of fog
Potions
 j - a potion of resistance
 n - a potion of might
 o - 9 potions of flight
 q - a potion of haste
 x - a potion of heal wounds
 z - 6 potions of curing
Books
 B - a book of Enchantments

   Spells                             Type                      Level
   a - Cause Fear                     Hexes                        4
   b - Yara's Violent Unravelling     Hexes/Transmutation          5
   c - Silence                        Hexes/Air                    5
   d - Deflect Missiles               Charms/Air                   6
   e - Discord                        Hexes                        8
Comestibles
 c - 9 bread rations
 f - 4 fruits
 r - a slice of pizza


   Skills:
 + Level 7.6 Fighting
 * Level 14.0 Axes
 + Level 6.3 Armour
 + Level 6.8 Dodging
 - Level 1.7 Stealth
 - Level 8.0 Invocations


You had 11 spell levels left.
You didn't know any spells.

Dungeon Overview and Level Annotations

Branches:
Dungeon (10/15)            Temple (1/1) D:5            Lair (4/6) D:10
  Swamp (0/4) Lair:3       Spider (0/4) Lair:3
    Orc: D:9-12

Altars:
Ashenzari
Cheibriados
Dithmenos
Elyvilon
Fedhas
Gozag
Hepliaklqana
Kikubaaqudgha
Makhleb
Nemelex Xobeh
Okawaru
Qazlal
Ru
Sif Muna
Trog
Uskayaw
Vehumet
Xom
Yredelemnul
Zin
The Shining One

Annotations:
Lair:1 exclusion: hydra
Lair:2 Messajah's ghost, journeyman MiFi
Lair:6 Kirke


Innate Abilities, Weirdness & Mutations

((You have sharp fingernails.))
((You are partially covered in slimy green scales. (AC +2)))
((Your flesh is heat resistant. (rF+)))
You are slightly more attuned to the shadows.
You are somewhat resistant to further mutation.


Message History

The black mamba misses you.
Found a robe and 2 gold pieces.
A black mamba comes into view.
The black mamba closely misses you.
Found 16 stones.
The black mamba bites you!
* * * LOW HITPOINT WARNING * * *
You are poisoned.
The black mamba poisons you!
You feel much better.
You feel sick. The black mamba bites you!!
* * * LOW HITPOINT WARNING * * *
The black mamba bites you!
* * * LOW HITPOINT WARNING * * *
You are lethally poisoned!
The black mamba poisons you!
You feel yourself speed up.
* * * LOW HITPOINT WARNING * * *
You feel very sick. The black mamba misses you. The black mamba bites you!
You die...

.....,,,,,,,....##....,*
.##P#,,,,,,.....P....##*
#.#****,,,............*
*## *,,,.........P.*#
*,,,..........,.#
*,,,.........#..#
*,,,...........##*
**,,,.......S#....#*
*,*,,......h.PP..#.#*
*,,,,........(.....,**
***,,............[..,*
*,,..............P**
**,...$...........*
**........#.....,*
*##.....##.##.,**
***,********** ***


You could see a black mamba.

Vanquished Creatures
  Erica (D:8)
  An ogre mage (D:10)
  A hell knight (Volcano)
  2 hill giants
  5 black mambas
  9 elephants
  7 spiny frogs
  A komodo dragon (Lair:2)
  2 yaktaurs (Volcano)
  A two-headed ogre (D:9)
  4 blink frogs
  2 hornets (D:9)
  2 hippogriffs
  3 yaks (Lair:1)
  A spriggan (D:8)
  A shadow (D:10)
  A wyvern (Lair:2)
  A basilisk (Lair:3)
  4 water moccasins
  Duvessa (D:7)
  3 orc warriors
  A black bear (D:8)
  A sky beast (D:8)
  5 porcupines
  An ice beast (D:6)
  A phantom (D:4)
  5 ogres
  8 centaurs
  3 crocodiles
  3 big kobolds
  5 bullfrogs
  Dowan (D:7)
  3 scorpions
  5 killer bees (D:9)
  4 howler monkeys
  4 crimson imps
  A bullfrog zombie (D:6)
  A quasit (D:10)
  3 orc priests
  3 hounds
  A bullfrog skeleton (D:5)
  3 iguanas
  14 orc wizards
  A killer bee zombie (D:9)
  5 worker ants
  A howler monkey zombie (D:9)
  3 gnolls (D:5)
  A howler monkey skeleton (D:6)
  12 adders
  9 river rats (Sewer)
  A shadow imp (D:10)
  3 adder skeletons
  2 worms
  4 dart slugs
  3 leopard geckos
  41 orcs
  5 ball pythons (Sewer)
  10 bats
  4 giant cockroaches
  6 goblins
  7 hobgoblins
  9 jackals
  8 quokkas
  6 frilled lizards
  A giant cockroach zombie (D:5)
  A jackal skeleton (D:8)
  35 kobolds
  A leopard gecko zombie (D:6)
  A quokka skeleton (D:8)
  A quokka zombie (D:6)
  24 rats
  3 fungi
337 creatures vanquished.

Vanquished Creatures (others)
  A centaur warrior (Volcano)
  4 plants
5 creatures vanquished.

Grand Total: 342 creatures vanquished

Notes
Turn   | Place    | Note
-------+----------+-------------------------------------------
     0 | D:1      | Alarkh the Demonspawn Monk began the quest for the Orb.
     0 | D:1      | Reached XP level 1. HP: 18/18 MP: 1/1
    29 | D:1      | Reached skill level 3 in Axes
   347 | D:1      | Gained mutation: You are slightly more attuned to the shadows. [demonic ancestry]
   347 | D:1      | Reached XP level 2. HP: 24/24 MP: 2/2
   674 | D:1      | Reached XP level 3. HP: 27/29 MP: 3/3
   868 | D:1      | Reached skill level 4 in Axes
  1238 | D:2      | Found an iron altar of Okawaru.
  1251 | D:2      | Became a worshipper of Warmaster Okawaru
  1251 | D:2      | Reached * piety under Okawaru
  1251 | D:2      | Reached ** piety under Okawaru
  1997 | D:2      | Reached XP level 4. HP: 35/35 MP: 4/4
  2619 | D:4      | Found a snail-covered altar of Cheibriados.
  2795 | D:4      | Reached skill level 5 in Axes
  2849 | D:4      | Gained mutation: Your flesh is heat resistant. (rF+) [demonic ancestry]
  2849 | D:4      | Reached XP level 5. HP: 17/41 MP: 5/5
  2850 | D:4      | Noticed a phantom
  2931 | D:4      | Found a glowing drain.
  3060 | Sewer    | Entered a sewer
  3435 | Sewer    | Reached skill level 6 in Axes
  3499 | Sewer    | Reached XP level 6. HP: 32/47 MP: 6/6
  4449 | D:4      | Reached skill level 7 in Axes
  4580 | D:5      | Entered Level 5 of the Dungeon
  4615 | D:5      | Found a staircase to the Ecumenical Temple.
  4748 | D:5      | Found Tahuj's Gadget Emporium.
  4774 | D:5      | Reached *** piety under Okawaru
  4861 | D:5      | Reached XP level 7. HP: 52/52 MP: 7/7
  5082 | D:5      | Reached skill level 8 in Axes
  5612 | D:6      | Reached skill level 9 in Axes
  5612 | D:6      | Gained mutation: You have sharp fingernails. [demonic ancestry]
  5612 | D:6      | Reached XP level 8. HP: 43/58 MP: 8/8
  5966 | D:6      | Reached **** piety under Okawaru
  6080 | Temple   | Entered the Ecumenical Temple
  6585 | D:7      | Noticed a hill giant
  6719 | D:7      | Noticed a hippogriff
  6728 | D:7      | Killed a hippogriff
  6728 | D:7      | Reached skill level 10 in Axes
  6733 | D:7      | Killed a hill giant
  6810 | D:7      | Noticed Dowan
  6812 | D:7      | Noticed Duvessa
  6837 | D:7      | Killed Duvessa
  6837 | D:7      | Reached ***** piety under Okawaru
  6837 | D:7      | Reached skill level 11 in Axes
  6837 | D:7      | Gained mutation: You are partially covered in slimy green scales. (AC +2) [demonic ancestry]
  6837 | D:7      | Reached XP level 9. HP: 39/63 MP: 6/9
  6852 | D:7      | Killed Dowan
  7386 | D:8      | Found a sacrificial altar of Ru.
  7443 | D:8      | Received a gift from Okawaru
  7482 | D:8      | Reached skill level 1 in Armour
  7551 | D:8      | Noticed Erica
  7776 | D:8      | Killed Erica
  7776 | D:8      | Reached skill level 12 in Axes
  8170 | D:9      | Reached XP level 10. HP: 73/73 MP: 10/10
  8550 | D:10     | Entered Level 10 of the Dungeon
  8817 | D:9      | Reached skill level 5 in Fighting
  9292 | D:9      | Found a shimmering altar of Xom.
  9292 | D:9      | Found a deep blue altar of Sif Muna.
  9560 | D:10     | Noticed a hill giant
  9726 | D:10     | Reached skill level 1 in Invocations
  9789 | D:10     | Found a staircase to the Lair.
  9854 | D:10     | Killed a hill giant
  9854 | D:10     | Reached skill level 5 in Dodging
 10143 | D:10     | Noticed an ogre mage
 10153 | D:10     | Killed an ogre mage
 10347 | Lair:1   | Entered Level 1 of the Lair of Beasts
 10424 | Lair:1   | Received a gift from Okawaru
 10427 | Lair:1   | Got a dazzling helmet {god gift}
 10438 | Lair:1   | Identified the +1 helmet of the Albatross {Str+4 Slay-4 SInv} (Okawaru gifted it to you on level 1 of the Lair of Beasts)
 10476 | Lair:1   | Noticed a five-headed hydra
 10508 | Lair:1   | Found a white marble altar of Elyvilon.
 10599 | Lair:2   | Reached skill level 13 in Axes
 10599 | Lair:2   | Reached XP level 11. HP: 81/81 MP: 11/13
 10688 | Lair:2   | Found a dark tunnel.
 10730 | Volcano  | Entered a volcano
 10908 | Volcano  | Noticed a centaur warrior
 10911 | Volcano  | Found a radiant altar of Vehumet.
 10912 | Volcano  | Noticed a hell knight
 10917 | Volcano  | Killed a centaur warrior
 10926 | Volcano  | Gained mutation: You are somewhat resistant to further mutation. [potion of mutation]
 10958 | Volcano  | Reached skill level 5 in Armour
 10961 | Volcano  | Killed a hell knight
 11760 | Lair:2   | Reached skill level 5 in Invocations
 11856 | Lair:2   | Noticed Messajah's ghost (journeyman MiFi)
 12664 | Lair:1   | Noticed a five-headed hydra
 13303 | Lair:3   | Found a staircase to the Swamp.
 13345 | Lair:3   | Found a hole to the Spider Nest.
 13863 | Lair:3   | Reached XP level 12. HP: 54/91 MP: 8/17
 14870 | Lair:4   | Received a gift from Okawaru
 15466 | Lair:4   | Reached skill level 14 in Axes
 15505 | Lair:4   | You fall through a shaft for 2 floors!
 15505 | Lair:6   | Entered Level 6 of the Lair of Beasts
 15516 | Lair:6   | Noticed Kirke
 15534 | Lair:6   | Noticed a death yak
 15535 | Lair:6   | Noticed a death yak
 15535 | Lair:6   | Noticed a death yak
 15538 | Lair:6   | Noticed a six-headed hydra
 15570 | Lair:6   | Slain by a black mamba

Skill      XL: |  1  2  3  4  5  6  7  8  9 10 11 12 |
---------------+-------------------------------------+-----
Axes           | 3 4 5 6 7 9 11 12 13 14 | 14.0
Armour         | 2 4 5 6 |  6.3
Dodging        | 4 5 6 |  6.8
Fighting       | 4 6 7 |  7.6
Invocations    | 3 6 8 |  8.0
Stealth        | |  1.7

Action                   |  1- 3 |  4- 6 |  7- 9 | 10-12 || total
-------------------------+-------+-------+-------+-------++-------
Melee: Hand axe          |   165 |   278 |       |       ||   443
       Broad axe         |       |    56 |   403 |   688 ||  1147
Invok: Heroism           |       |     3 |     1 |    11 ||    15
       Finesse           |       |       |       |     1 ||     1
Evoke: Wand              |       |       |       |    10 ||    10
  Use: Scroll            |     3 |     3 |     5 |    15 ||    26
       Potion            |       |     7 |     8 |    11 ||    26
 Stab: Distracted        |     1 |       |       |       ||     1
       Sleeping          |     6 |    11 |     9 |    16 ||    42
  Eat: Meat ration       |     1 |       |       |     1 ||     2
       Chunk             |       |     8 |    12 |    19 ||    39
Armor: Robe              |    31 |       |    37 |   165 ||   233
       Leather armour    |    25 |    65 |       |       ||    90
       Skin              |       |    56 |    21 |   110 ||   187
       Plate armour      |       |    35 |   190 |       ||   225
Dodge: Dodged            |   150 |   200 |   169 |   470 ||   989
Block: Buckler           |       |       |     6 |   159 ||   165
